AoeStats
← dashuaibi

Arena

508394979Analyzed
3v3 RM · 10d ago on Sep 22, 2026· 21m 47s· 6 players
Game mode
Random Map
Map size
Normal (6 player)
Population
200
Speed
Normal
Resources
Standard
Victory
Conquest
Starting age
Dark Age
Ending age
Imperial Age
RankedLock teamsTeams togetherTeam positionsShared explorationLock speedFull tech treeHidden civsTurbo modeCheats
Victory
Defeat
🇨🇳 Vietnamese · China
1450
+12
🇨🇳 Bulgarians · China
1400
+14
🇨🇳 Franks · China
1138
+24
🇨🇳 Ethiopians · China
1371
-18
🇮🇳 Mongols · India
1332
-16
🇦🇺 Koreans · Australia
1330
-16
chanakya
3:16 Loom
10:00 Feudal Age
11:27 Loom
15:32 Castle Age
dashuaibi
8:46 Loom
10:35 Feudal Age
15:14 Castle Age
13:03 Double-Bit Axe
13:03 Horse Collar
17:11 Heavy Plow
19:18 Bow Saw
20:28 Wheelbarrow
GI
10:46 Feudal Age
10:09 Loom
14:55 Castle Age
13:38 Double-Bit Axe
18:23 Town Watch
_TY_梦涯
10:47 Feudal Age
14:33 Castle Age
13:41 Double-Bit Axe
18:15 Horse Collar
19:11 Loom
子薄
11:42 Feudal Age
12:44 Double-Bit Axe
15:52 Castle Age
17:00 Bow Saw
20:11 Wheelbarrow
慎独
8:40 Feudal Age
7:17 Loom
9:31 Double-Bit Axe
11:48 Horse Collar
13:07 Fletching
15:31 Wheelbarrow
17:19 Gold Mining
17:21 Stone Mining
21:50 Town Watch
Connection lost

Rejoining the realm…

Still unreachable

The connection could not be restored.

Session expired

The server has moved on; the page needs a fresh start.